 Dungeon Crawl Stone Soup version 0.25.1-2-g60ff931df9 (webtiles) character file.

Game seed: 5569625878088941582

238 H0rd4k the Magician (level 5, -2/28 HPs)
             Began as a Deep Elf Wizard on Oct 21, 2020.
             Killed by nerve-wracking pain
             ... invoked by Menkaure
              (6 damage)
             ... on level 4 of the Dungeon on Oct 22, 2020.
             The game lasted 00:09:01 (4573 turns).

H0rd4k the Magician (Deep Elf Wizard)               Turns: 4573, Time: 00:09:02

Health: -2/28      AC:  3    Str:  4    XL:     5   Next: 78%
Magic:  16/16      EV: 13    Int: 24    God:
Gold:   124        SH:  0    Dex: 13    Spells: 9/18 levels left

rFire    . . .     SeeInvis .   s - staff of summoning
rCold    . . .     Gourm    .   (no shield)
rNeg     . . .     Faith    .   a - +0 robe
rPois    .         Spirit   .   b - +1 hat
rElec    .         Reflect  .   (no cloak)
rCorr    .         Harm     .   (no gloves)
MR       .....                  (no boots)
Stlth    +.........             (no amulet)
HPRegen  0.09/turn              (no ring)
MPRegen  0.15/turn              (no ring)

@: confused, very slightly contaminated
A: no striking features
a: no special abilities


You were on level 4 of the Dungeon.
You were not hungry.

You visited 1 branch of the dungeon, and saw 4 of its levels.

You collected 124 gold pieces.

Inventory:

Armour
 a - a +0 robe (worn)
 b - a +1 hat (worn)
Magical Staves
 s - an uncursed staff of summoning (weapon)
Wands
 c - a wand of flame (24)
Scrolls
 e - 5 scrolls of identify
 h - 2 scrolls of noise
 i - 5 scrolls of remove curse
 j - a scroll of immolation
 k - 2 scrolls of enchant weapon
Potions
 f - 3 potions of stabbing {unknown}
 l - 2 potions of curing
 n - a potion of berserk rage {unknown}
 o - a potion of mutation {unknown}
 p - a potion of magic {unknown}
Comestibles
 d - 5 rations


   Skills:
 + Level 2.6 Dodging
 + Level 3.0 Stealth
 + Level 7.2 Spellcasting
 + Level 3.7 Conjurations
   Level 1.1 Summonings
 + Level 1.1 Translocations
 + Level 0.1 Poison Magic


You had 9 spell levels left.
You knew the following spells:

 Your Spells              Type           Power        Failure   Level  Hunger
a - Magic Dart            Conj           ####         1%          1    None
b - Blink                 Tloc           N/A          7%          2    None
c - Conjure Flame         Conj/Fire      ###.....     10%         3    None
d - Mephitic Cloud        Conj/Pois/Air  ###.....     12%         3    None

Your spell library contained the following spells:

 Spells                   Type           Power        Failure   Level  Hunger
 Call Imp                 Summ           ###.....     7%          2    None
 Slow                     Hex            #.......     11%         2    None


Dungeon Overview and Level Annotations

Branches:
Dungeon (4/15)
 Temple: D:4-7

Altars:
Fedhas
Sif Muna
The Shining One

Annotations:
D:4 Menkaure


Message History

The centaur skeleton hits you.
* * * LOW HITPOINT WARNING * * *
It was a potion of ambrosia.
You are confused.
You feel invigorated.
The centaur skeleton hits you but does no damage.
Menkaure points at you and mumbles some strange words.
Pain shoots through your body!
* * * LOW HITPOINT WARNING * * *
The centaur skeleton misses you.
Menkaure calls on the powers of darkness!
Your body is wracked with pain!
* * * LOW HITPOINT WARNING * * *
The centaur skeleton closely misses you.
You're too confused to cast spells.
The centaur skeleton barely misses you. The centaur skeleton hits you.
* * * LOW HITPOINT WARNING * * *
Menkaure gestures at you while chanting.
Pain shoots through your body!
You die...

*,,,,,*,,,,,,,,o......,,,,,*,,,,*
*,,,,,*,,...,,,÷.....,,,,,,***+**
*,,,,,*,,....,,.....,,,,,,,**,,,*
*,,,**#..*#..**#...#**,,,,,**,,,*
******#..##..###...#####*****,,,,
,,,,,*..................,,,,,,,,,
,,,,,*..................,,,,,,,,,
,,,,,*............#####,,,,,,,,,,
*,,,,+..........@##!..##,,,*#....
*,,,,*.........Z.#%?.?.#,,,##...#
,,,,,*,..##...##§#)?.[(#,,,......
*,,,**,,,*#...##M#..asO#,###.....
******...##...##.##[.a'###.##...#
,,,,*,.........#..#####)'..a#...#
,,,,*,.........#....##§###.##....
,,,,*,.........'...##.a#####..<..
,,,,*,.........#...#....#.÷......


You could see Menkaure (fast) and a centaur skeleton.

Vanquished Creatures
  An orc priest (D:4)
  Jessica (D:2)
  A worker ant (D:2)
  5 adders
  A shadow imp (D:2)
  5 worms
  4 dart slugs
  3 leopard geckos
  2 orcs (D:4)
  5 giant cockroaches
  8 hobgoblins
  6 jackals (D:2)
  2 quokkas (D:4)
  4 bats
  7 frilled lizards
  11 goblins
  A jackal skeleton (D:4)
  6 kobolds
  A quokka skeleton (D:4)
  8 rats
82 creatures vanquished.

Notes
Turn   | Place    | Note
-------+----------+-------------------------------------------
     0 | D:1      | H0rd4k the Deep Elf Wizard began the quest for the Orb.
     0 | D:1      | Reached XP level 1. HP: 10/10 MP: 7/7
   270 | D:1      | Reached skill level 5 in Spellcasting
   270 | D:1      | Reached XP level 2. HP: 10/15 MP: 5/10
   966 | D:1      | Reached XP level 3. HP: 19/19 MP: 7/12
  1474 | D:2      | Noticed Jessica
  1478 | D:2      | Killed Jessica
  1478 | D:2      | Reached skill level 6 in Spellcasting
  1638 | D:2      | Reached XP level 4. HP: 24/24 MP: 9/14
  1827 | D:2      | Found a glowing golden altar of the Shining One.
  1979 | D:2      | Learned a level 2 spell: Blink
  1983 | D:2      | Learned a level 3 spell: Conjure Flame
  1987 | D:2      | Learned a level 3 spell: Mephitic Cloud
  2089 | D:2      | Found a blossoming altar of Fedhas.
  2679 | D:2      | Reached XP level 5. HP: 28/28 MP: 9/16
  3166 | D:2      | Found a shimmering blue altar of Sif Muna.
  3505 | D:3      | Found a blossoming altar of Fedhas.
  4169 | D:4      | Reached skill level 7 in Spellcasting
  4529 | D:4      | Noticed an ogre
  4559 | D:4      | Noticed Menkaure
  4573 | D:4      | Killed from afar by Menkaure

Illustrated notes

Levels and vault maps discovered:
D:1:      grunt_arrival_crossed_arrows, layout_loops_corners
D:2:      minmay_evil_eye, layout_loops_corners, nicolae_overflow_crystal_walls,
          lemuel_blue_sif_altar, first_ration, fedhas_altar_4, uniq_jessica
D:3:      layout_basic, lemuel_coloured_pillars_altar, dk_noncrumbling_3
D:4:      layout_gridville, minmay_joined_circles, uniq_menkaure, uniq_sigmund

Skill      XL: |  1  2  3  4  5 |
---------------+----------------+-----
Spellcasting   | 5 6 7 |  7.2
Conjurations   | 2 3 |  3.7
Stealth        | 3 |  3.0
Dodging        | |  2.6
Summonings     | |  1.1
Translocations | |  1.1
Poison Magic   | |  0.1

Action                   |  1- 3 |  4- 6 || total
-------------------------+-------+-------++-------
 Cast: Magic Dart        |    83 |   138 ||   221
       Conjure Flame     |       |     4 ||     4
       Blink             |       |     3 ||     3
       Mephitic Cloud    |       |     1 ||     1
  Use: Scroll            |       |    11 ||    11
       Potion            |       |     2 ||     2
  Eat: Chunk             |     2 |     9 ||    11
Armor: Robe              |     1 |     6 ||     7
Dodge: Dodged            |     8 |    28 ||    36
